 Dungeon Crawl Stone Soup version 0.18.1-6-gd335043 (webtiles) character file.

14175 GeneralIdiocy the Martial Artist (level 11, -8/99 HPs)
             Began as a Demonspawn Monk on May 20, 2016.
             Was the Champion of Cheibriados.
             Mangled by a red ugly thing (10 damage)
             ... on level 12 of the Dungeon.
             The game lasted 00:20:38 (12457 turns).

GeneralIdiocy the Martial Artist (Demonspawn Monk) Turns: 12457, Time: 00:20:38

Health: -8/99      AC:  9    Str: 29    XL:     11   Next: 85%
Magic:  18/18      EV: 19    Int: 27    God:    Cheibriados [******]
Gold:   747        SH:  0    Dex: 35    Spells: 0 memorised, 10 levels left

rFire  + . .     SeeInvis .       - Unarmed
rCold  . . .     Gourm    .     G - +0 steam dragon armour
rNeg   . . .     Faith    .     (no shield)
rPois  .         Spirit   .     (helmet restricted)
rElec  .         Dismiss  .     s - +2 cloak
rCorr  .         Reflect  .     (no gloves)
SustAt .         Harm     .     (boots unavailable)
MR     .....                    (no amulet)
Stlth  +++.......               (no ring)
                                (no ring)

@: about to teleport, very slow, not resistant to hostile enchantments, fairly
stealthy
A: claws 1, horns 2, talons 3, agile 2, demonic guardian 1, fire resistance 1,
sense surroundings 1, robust 1, screaming 1, rot immunity
a: Bend Time, Temporal Distortion, Slouch, Step From Time, Renounce Religion


You were on level 12 of the Dungeon.
You worshipped Cheibriados.
Cheibriados was exalted by your worship.
You were hungry.

You visited 1 branch of the dungeon, and saw 13 of its levels.

You collected 747 gold pieces.

Inventory:

Armour
 i - a +0 ring mail
 s - a +2 cloak (worn)
 B - a +0 scale mail
 G - a +0 steam dragon armour (worn)
 H - a +0 chain mail
Jewellery
 C - an uncursed amulet of guardian spirit {unknown}
 Q - an uncursed ring of resist corrosion {unknown}
Wands
 a - a wand of slowing (15/48)
 n - a wand of digging (15/24)
 t - a wand of lightning (10/15)
 y - a wand of disintegration (24/24)
 z - a wand of polymorph (12/24)
 A - a wand of confusion (39/48)
 J - a wand of acid (7/15)
 N - a wand of disintegration (5/24)
Scrolls
 e - 7 scrolls of remove curse
 k - 2 scrolls of enchant weapon
 q - 2 scrolls of teleportation
 v - 2 scrolls of noise
 I - a scroll of amnesia
 M - 3 scrolls of recharging
 O - a scroll of silence
Potions
 f - 3 potions of resistance
 g - 3 potions of cure mutation
 j - 2 potions of might
 o - a potion of magic
 p - a potion of brilliance
 r - 3 potions of agility
 u - 2 potions of cancellation
 w - a potion of flight
 x - a potion of haste {unknown}
 D - 2 potions of curing
 E - a potion of ambrosia {unknown}
Books
 l - an Akashic Record

   Spells                             Type                      Level
   a - Dispersal                      Translocation                6
   b - Malign Gateway                 Summoning/Translocation      7
   c - Disjunction                    Translocation                8
   d - Controlled Blink               Translocation                8
Miscellaneous
 F - a phial of floods
 K - a fan of gales
 L - a box of beasts
Comestibles
 b - 16 bread rations
 c - 4 meat rations
 h - 6 slices of pizza
 m - 2 beef jerkies


   Skills:
 - Level 10.0 Fighting
 + Level 4.8 Armour
 - Level 5.4 Dodging
 - Level 1.7 Stealth
 * Level 10.4 Unarmed Combat
 - Level 10.0 Invocations
 + Level 7.5 Evocations


You had 10 spell levels left.
You didn't know any spells.

Dungeon Overview and Level Annotations

Branches:
Dungeon (13/15)            Temple (0/1) D:6            Lair (0/8) D:11
    Orc (0/2) D:12
 Vaults: D:13-14

Altars:
Cheibriados
Dithmenos
Fedhas
Nemelex Xobeh
Okawaru
Sif Muna
Vehumet
Xom
Zin

Shops:
D:4 *   D:7 [   D:10 !   D:11 :

Annotations:
D:5 1 runed door
D:6 exclusion: statue


Innate Abilities, Weirdness & Mutations

You have sharp fingernails.
You have a pair of horns on your head.
You have claws for feet.
A weak demonic guardian rushes to your aid.
You are immune to rotting.
You are very agile. (Dex +4)
Your flesh is heat resistant.
You passively map a small area around you.
You are robust (+10% HP).
You occasionally shout uncontrollably at your foes.


Message History

The red ugly thing trunk-slaps your quasit!
Your quasit is engulfed in flames!
Your quasit resists.
Your quasit dies!
Your white imp barely misses the red ugly thing.
Your white imp disappears in a puff of smoke!
The red ugly thing trunk-slaps you but does no damage.
The red ugly thing closely misses you. The red ugly thing trunk-slaps you!
* * * LOW HITPOINT WARNING * * *
You are engulfed in flames!
You resist.
* * * LOW HITPOINT WARNING * * *
Drink which item? (? for menu, Esc to quit)
Okay, then.
Read which item? (? for menu, Esc to quit)
As you read the scroll of teleportation, it crumbles to dust.
You feel strangely unstable. The red ugly thing trunk-slaps you!
* * * LOW HITPOINT WARNING * * *
You are engulfed in flames!
You resist.
You die...

#####.##.#..........#...........
##.#####...#........##...........
#...####.........#.####.5........
...#.#..........#...# #........#.
...................#####.........
.................................
.................................
.................................
................@u...............
..............<..................
...........##.......#.##.........
.......##.###>.....#.............
..##...#### #..#..##.............
.###.≈...####..##.###))[.........
## ##.....##.......###...........
##.....####.)...#####.#........
#....### ####.####...........#


You could see a red ugly thing.

Vanquished Creatures
  Urug (D:10)
  Pikel (D:9)
  An ugly thing (D:11)
  A centaur zombie (D:12)
  Psyche (D:8)
  3 trolls
  Prince Ribbit (D:5)
  A two-headed ogre (D:10)
  A spriggan (D:10)
  A vampire (D:11)
  10 yaks
  4 wyverns
  2 hippogriffs
  3 vampire mosquitoes (D:10)
  A steam dragon (D:11)
  A mottled dragon (D:11)
  A water moccasin (D:10)
  Duvessa (D:5)
  Edmund (D:5)
  4 sky beasts
  2 black bears
  3 orc warriors
  2 slaves (D:9)
  4 ice beasts
  A wasp (D:7)
  4 centaurs
  4 ogres
  2 phantoms
  4 crocodiles
  A wyvern zombie (D:11)
  8 big kobolds (D:10)
  7 giant frogs
  A wyvern skeleton (D:9)
  Dowan (D:5)
  8 scorpions
  11 killer bees
  15 wights
  2 howler monkeys
  7 crimson imps
  2 giant frog zombies
  A quasit (D:9)
  7 jellies
  4 orc priests
  5 hounds
  A giant frog skeleton (D:9)
  Crazy Yiuf (D:7)
  A centaur skeleton (D:8)
  5 iguanas
  6 orc wizards
  13 worker ants
  A hound zombie (D:4)
  A hound skeleton (D:6)
  A worker ant zombie (D:9)
  3 gnolls (D:9)
  8 adders
  A shadow imp (D:9)
  4 oozes
  2 adder zombies (D:7)
  4 worms
  6 dart slugs
  2 giant geckos
  37 orcs
  8 giant cockroaches
  12 goblins
  2 hobgoblins
  4 jackals
  2 quokkas
  A ball python (D:6)
  9 bats
  A giant gecko skeleton (D:9)
  9 giant newts
  14 kobolds
  8 rats
313 creatures vanquished.

Vanquished Creatures (collateral kills)
  A hill giant (D:10)
  2 yaks
  A centaur (D:10)
  A scorpion (D:5)
  2 orc priests
  2 worker ants
  A hound zombie (D:11)
  3 orcs
  2 giant cockroaches (D:5)
  3 jackals (D:4)
  A giant newt (D:5)
  A butterfly (D:5)
20 creatures vanquished.

Vanquished Creatures (others)
  A hungry ghost (D:9)
  An iguana (D:9)
  A worker ant (D:9)
3 creatures vanquished.

Grand Total: 336 creatures vanquished

Notes
Turn   | Place    | Note
--------------------------------------------------------------
     0 | D:1      | GeneralIdiocy the Demonspawn Monk began the quest for the Orb.
     0 | D:1      | Reached XP level 1. HP: 18/18 MP: 1/1
     3 | D:1      | Noticed an electric eel
     5 | D:1      | Noticed an electric eel
   236 | D:1      | Gained mutation: You have sharp fingernails. [demonic ancestry]
   236 | D:1      | Reached XP level 2. HP: 24/24 MP: 2/2
   702 | D:1      | Gained mutation: A weak demonic guardian rushes to your aid. [demonic ancestry]
   702 | D:1      | Reached XP level 3. HP: 22/29 MP: 3/3
  1574 | D:2      | Gained mutation: You have sharp toenails. [demonic ancestry]
  1574 | D:2      | Reached XP level 4. HP: 33/36 MP: 4/4
  2088 | D:3      | Reached skill level 5 in Unarmed Combat
  2415 | D:3      | Found a snail-covered altar of Cheibriados.
  2415 | D:3      | Found a sparkling altar of Nemelex Xobeh.
  2479 | D:3      | Became a worshipper of Cheibriados the Contemplative
  2479 | D:3      | Reached * piety under Cheibriados
  2479 | D:3      | Reached ** piety under Cheibriados
  2592 | D:3      | Found a blossoming altar of Fedhas.
  2781 | D:3      | Found a glowing silver altar of Zin.
  3081 | D:4      | Gained mutation: You are immune to rotting. [demonic ancestry]
  3081 | D:4      | Reached XP level 5. HP: 41/41 MP: 5/5
  3140 | D:4      | Found Quxzethre's General Store.
  3560 | D:4      | Gained mutation: You have razor-sharp toenails. [demonic ancestry]
  3560 | D:4      | Reached XP level 6. HP: 38/47 MP: 6/6
  3670 | D:4      | Found an iron altar of Okawaru.
  3804 | D:5      | Entered Level 5 of the Dungeon
  3804 | D:5      | Noticed an ice beast
  3813 | D:5      | Killed an ice beast
  3816 | D:5      | Reached *** piety under Cheibriados
  4023 | D:5      | Noticed Edmund
  4134 | D:5      | Killed Edmund
  4134 | D:5      | Gained mutation: You have a pair of small horns on your head. [demonic ancestry]
  4134 | D:5      | Reached XP level 7. HP: 52/52 MP: 7/7
  4215 | D:5      | Noticed Prince Ribbit
  4232 | D:5      | Killed Prince Ribbit
  4422 | D:5      | Noticed Dowan
  4431 | D:5      | Killed Dowan
  4433 | D:5      | Noticed Duvessa
  4448 | D:5      | Killed Duvessa
  4604 | D:5      | Gained mutation: You are agile. (Dex +2) [potion of mutation]
  4604 | D:5      | Gained mutation: You occasionally shout uncontrollably at your foes. [potion of mutation]
  4604 | D:5      | Gained mutation: You are very agile. (Dex +4) [potion of mutation]
  4809 | D:5      | Reached XP level 8. HP: 30/59 MP: 8/8
  5064 | D:5      | Reached **** piety under Cheibriados
  5098 | D:5      | Found a runed door.
  5156 | D:5      | Found a runed door.
  5184 | D:5      | Reached skill level 10 in Unarmed Combat
  5603 | D:6      | Found a radiant altar of Vehumet.
  5734 | D:6      | Reached skill level 1 in Invocations
  5743 | D:6      | Reached skill level 1 in Armour
  5814 | D:6      | Reached ***** piety under Cheibriados
  5826 | D:6      | Found a shadowy altar of Dithmenos.
  5875 | D:6      | Found a staircase to the Ecumenical Temple.
  6509 | D:7      | Reached skill level 5 in Fighting
  6563 | D:7      | Gained mutation: You have a pair of horns on your head. [demonic ancestry]
  6563 | D:7      | Reached XP level 9. HP: 56/68 MP: 9/11
  6672 | D:7      | Found Uredac's Antique Armour Boutique.
  6921 | D:7      | Found a deep blue altar of Sif Muna.
  6940 | D:7      | Noticed Crazy Yiuf
  6945 | D:7      | Killed Crazy Yiuf
  7912 | D:8      | Reached ****** piety under Cheibriados
  7938 | D:8      | Reached skill level 5 in Invocations
  7947 | D:8      | Noticed Psyche
  7953 | D:8      | Killed Psyche
  8125 | D:8      | Found a shimmering altar of Xom.
  8314 | D:9      | Reached XP level 10. HP: 80/80 MP: 14/14
  8363 | D:9      | Noticed Pikel
  8367 | D:9      | Killed Pikel
  8824 | D:9      | Reached skill level 5 in Dodging
  9051 | D:9      | You fall through a shaft for 2 floors!
  9052 | D:11     | Found a staircase to the Lair.
  9053 | D:11     | Noticed a brown ugly thing
  9141 | D:11     | Killed a brown ugly thing
  9179 | D:11     | Reached skill level 10 in Fighting
  9329 | D:10     | Entered Level 10 of the Dungeon
  9329 | D:10     | Found Irykk's Distillery.
  9333 | D:10     | Reached skill level 1 in Evocations
  9352 | D:10     | Gained mutation: Your flesh is heat resistant. [potion of mutation]
  9352 | D:10     | Gained mutation: You are robust (+10% HP). [potion of mutation]
  9352 | D:10     | Gained mutation: You passively map a small area around you. [potion of mutation]
  9410 | D:10     | Gained mutation: You have claws for feet. [demonic ancestry]
  9410 | D:10     | Reached XP level 11. HP: 94/99 MP: 17/17
  9744 | D:10     | Noticed a hill giant
  9749 | D:10     | Killed a hill giant
  9789 | D:10     | Noticed Urug
  9801 | D:10     | Killed Urug
  9968 | D:10     | Reached skill level 5 in Evocations
 10548 | D:11     | Found Pijaiblu's Book Shoppe.
 10762 | D:11     | Reached skill level 10 in Invocations
 11764 | D:12     | Found a staircase to the Orcish Mines.
 12117 | D:13     | Noticed an orc knight
 12440 | D:12     | Noticed a red ugly thing
 12457 | D:12     | HP: 2/99 [red ugly thing (8)]
 12457 | D:12     | Mangled by a red ugly thing

Skill      XL: |  1  2  3  4  5  6  7  8  9 10 11 |
---------------+----------------------------------+-----
Unarmed Combat | 4 5 6 7 9 10 | 10.4
Invocations    | 2 5 8 10 | 10.0
Fighting       | 5 7 10 | 10.0
Armour         | 2 4 |  4.8
Dodging        | 3 5 |  5.4
Evocations     | 2 7 |  7.5
Stealth        | |  1.7

Action                   |  1- 3 |  4- 6 |  7- 9 | 10-12 || total
-------------------------+-------+-------+-------+-------++-------
Melee: Unarmed           |   104 |   134 |   220 |   348 ||   806
       Punch             |     2 |     3 |    18 |    24 ||    47
       Kick              |       |    44 |   106 |   197 ||   347
       Headbutt          |       |       |    70 |   132 ||   202
  Use: Scroll            |       |     8 |     9 |     9 ||    26
       Potion            |       |     1 |     1 |     5 ||     7
 Stab: Sleeping          |     8 |     2 |     7 |     5 ||    22
       Distracted        |       |       |     1 |     2 ||     3
       Invisible         |       |       |       |     1 ||     1
  Eat: Chunk             |     1 |     6 |     6 |     5 ||    18
       Fruit             |       |       |       |     4 ||     4
Armor: Robe              |     8 |       |       |       ||     8
       Ring mail         |     8 |    52 |    59 |    39 ||   158
       Skin              |       |     2 |       |       ||     2
       Scale mail        |       |       |       |    31 ||    31
       Chain mail        |       |       |       |    16 ||    16
       Steam dragon armo |       |       |       |     8 ||     8
Dodge: Dodged            |    55 |    68 |   162 |   308 ||   593
